Unix NetHack Version 5.0.0-0 post-release - last build May 31 2026 23:59:36 (970b52f25bf058293b47ddfd14a1e40e571c508c,branch:main).

Game began 2026-06-03 20:36:36, ended 2026-06-03 20:49:51.

Drastanta, lawful male human Knight

                        ---     ---
                        |.       .
                        |.-      .-
                        ..|      .|
                        |.|  -- -.+
                        |.|  |. |.|
                        |.-+--..|.-----    +-
                        |....--|-..|..|    .
                        |..........-..|-+-.-
                        |.{..-+--.----|....
                        |....|  |.|[..|..
                        |.-+--  |.|@.)|.----
                        |.|     |.|._u@.-..|
                        |.|  ----.|...|a|..|
                        |.----....-----.---- +-  -----  |
                        |...............................|
                        ----------------------  -  ------

Drastanta the Esquire    St:14 Dx:8 Co:13 In:9 Wi:16 Ch:18  Lawful
Dlvl:7  $:21 HP:0(48) Pw:41(41) AC:2  Xp:5 T:1533  Burdened

Latest messages:
 You miss the dwarf.
 The dwarf misses!
 You hit the dwarf.
 The dwarf hits!
 You miss the dwarf.
 You hit the dwarf.
 You hit the dwarf.
 The dwarf misses!
 What do you want to wield? [- abAB or ?*] ?
 a - a +1 long sword (weapon in right hand).
 b - a blessed +1 lance (alternate weapon; not wielded).
 The dwarf hits!
 You hear a door open.
 You hit the dwarf.
 The dwarf misses!
 The dwarf misses!
 You miss the dwarf.
 The dwarf hits!
 You hit the dwarf.
 The dwarf just misses!
 You hit the dwarf!
 You kill the dwarf!
 You hit the gnome mummy!
 The gnome mummy hits!
 You miss the gnome mummy.
 The gnome mummy just misses!
 You hit the gnome mummy!
 The gnome mummy hits!
 You hit the gnome mummy.
 You miss the gnome mummy.
 The gnome mummy hits!
 You hear a door open.
 The gnome mummy misses!
 You hit the gnome mummy!
 The gnome mummy hits!
 You miss the gnome mummy.
 You miss the gnome mummy.
 The gnome mummy hits!
 You destroy the gnome mummy!
 You hit the giant beetle.
 The giant beetle bites!
 You miss the giant beetle.
 You miss the giant beetle.
 The giant beetle bites!
 You die...
 Do you want your possessions identified? [ynq] (y) n
 Do you want to see your attributes? [ynq] (y) n
 Do you want an account of creatures vanquished? [ynaq] (y) n
 Do you want to see your conduct and achievements? [ynq] (y) n
 Do you want to see the dungeon overview? [ynq] (y) n

Inventory:
 Coins    ('$')
  $ - 21 gold pieces
 Weapons  (')')
  A - 11 +0 crossbow bolts
  B - a +0 crossbow
  a - a +1 long sword (weapon in right hand)
  b - a blessed +1 lance (alternate weapon; not wielded)
 Armor    ('[')
  d - an uncursed rusty +0 helmet (being worn)
  f - an uncursed +0 pair of leather gloves (being worn)
  y - an uncursed +0 pair of iron shoes (being worn)
  e - an uncursed +0 small shield (being worn)
  z - an uncursed +0 dwarvish cloak (being worn)
  c - an uncursed +1 ring mail (being worn)
 Comestibles  ('%')
  g - 11 uncursed apples
  h - 10 uncursed carrots
  r - 2 uncursed food rations
  u - 3 uncursed tripe rations
 Scrolls  ('?')
  t - an uncursed scroll of blank paper
  p - an uncursed scroll of charging
  J - an uncursed scroll of create monster
  q - a blessed scroll of destroy armor
  o - an uncursed scroll of identify
  l - an uncursed scroll of remove curse
  i - 2 uncursed scrolls of teleportation
 Potions  ('!')
  x - an uncursed potion of confusion
  H - an uncursed potion of oil
 Rings    ('=')
  k - an uncursed ring of slow digestion
 Wands    ('/')
  n - a wand of digging (0:7)
  C - a wand of striking (0:5)
  F - a cursed wand of striking (0:5)
 Tools    ('(')
  D - an empty uncursed sack
  G - an uncursed blindfold

Drastanta the Knight's attributes:

Background:
 You were an Esquire, a level 5 male human Knight.
 You were lawful, on a mission for Lugh
 who was opposed by Brigit (neutral) and Manannan Mac Lir (chaotic).
 You were right-handed.
 You were in the Gnomish Mines, on level 7.
 You entered the dungeon 1533 turns ago.
 You had 219 experience points, 101 more were needed to attain level 6.

Basics:
 You had 0 out of 48 hit points.
 You had all 41 energy points (spell power).
 Your armor class was 2.
 Your wallet contained 21 zorkmids.
 Autopickup was on for '$' plus thrown.

Final Characteristics:
 Your strength was 14 (limit:18/100).
 Your dexterity was 8 (limit:18).
 Your constitution was 13 (limit:18).
 Your intelligence was 9 (limit:18).
 Your wisdom was 16 (peak:17, limit:18).
 Your charisma was 18 (limit:18).

Final Status:
 You weren't hungry.
 You were burdened; movement was slightly slowed.
 You were wielding a long sword.
 You had basic skill with long sword.

Final Attributes:
 You were devoutly aligned.
 Your items were somewhat protected from fire.
 Your items were somewhat protected from cold.
 You could jump.
 You were warded.
 You are dead.

Miscellaneous:
 You didn't encounter any bones levels.
 Total elapsed playing time was 13 minutes and 14 seconds.

Major events:
 Turn
    1: Drastanta the lawful male human Knight entered the dungeon
  898: entered the Gnomish Mines
  929: attained the rank of Esquire (level 3)
 1410: reached Mine Town
 1533: killed by a giant beetle

You didn't know any spells.

Skills:
 Fighting Skills
   bare handed combat [Unskilled]
   two weapon combat  [Unskilled]
   riding             [Basic]
 Weapon Skills
   dagger             [Unskilled]
   knife              [Unskilled]
   axe                [Unskilled]
   pick-axe           [Unskilled]
   short sword        [Unskilled]
   broadsword         [Unskilled]
   long sword         [Basic]
   two-handed sword   [Unskilled]
   saber              [Unskilled]
   club               [Unskilled]
   mace               [Unskilled]
   morning star       [Unskilled]
   flail              [Unskilled]
   hammer             [Unskilled]
   polearms           [Unskilled]
   spear              [Unskilled]
   trident            [Unskilled]
   lance              [Basic]
   bow                [Unskilled]
   crossbow           [Unskilled]
 Spellcasting Skills
   attack spells      [Unskilled]
   healing spells     [Unskilled]
   clerical spells    [Unskilled]

Voluntary challenges:
 Character rerolling was not enabled.
 You were illiterate.
 You never genocided any monsters.
 You never polymorphed an object.
 You never changed form.
 You used no wishes.
Achievements:
 You entered the Gnomish Mines.
 You attained the rank of Esquire.
 You entered Minetown.
 You entered a temple.

 The Dungeons of Doom: levels 1 to 4
    Level 1:
       A fountain.
    Level 2:
       A sink.
    Level 3:
       A fountain.
       Stairs down to The Gnomish Mines.
    Level 4:
 The Gnomish Mines: levels 4 to 7
    Level 4:
    Level 5:
    Level 6:
    Level 7: <- You were here.
       A temple and an altar to Lugh, a fountain.
       Final resting place for
          you, killed by a giant beetle.


Vanquished creatures:
  a gnome mummy
  a shrieker
  4 gnome leaders
  2 gnomish wizards
  3 dwarves
 an iguana
  a gas spore
 14 gnomes
  a gecko
  a jackal
  2 foxes
  a grid bug
  2 lichens
  5 newts
39 creatures vanquished.

No species were genocided or became extinct.

Game over:
                       ----------
                      /          \
                     /    REST    \
                    /      IN      \
                   /     PEACE      \
                  /                  \
                  |    Drastanta     |
                  |      21 Au       |
                  |   killed by a    |
                  |   giant beetle   |
                  |                  |
                  |                  |
                  |       2026       |
                 *|     *  *  *      | *
        _________)/\\_//(\/(/\)/\//\/|_)_______

Fare thee well Drastanta the Knight...

You died in The Gnomish Mines on dungeon level 7 with 1195 points,
and 21 pieces of gold, after 1533 moves.
You were level 5 with a maximum of 48 hit points when you died.

